Map: Bridgehead LE (Void)

Players

OmeeChan - Winner!

  • Race: Zerg Zerg
  • League: Grandmaster

SticklerMac

  • Race: Zerg Zerg
  • League: Silver

VOD

Have the link to the VOD?

Description

Time

  • Played on: Aug. 29, 2015, 2:57 a.m.
  • Length: 7:48
Show
View Real Time Build Order
Export as new Build Order

OmeeChan Zerg - Winner!

Build Orders: Pool First, Zergling Baneling 

Get SALT Encoding   

  12  0:01  Drone  
  13  0:12  Overlord  
  13  0:17  Drone  
  14  0:22  Drone, Extractor  
  14  0:30  Drone  
  14  0:34  Drone  
  16  0:45  Drone  
  17  0:56  Spawning Pool  
  16  0:58  Drone  
  17  1:06  Drone  
  18  1:16  Overlord  
  18  1:27  Drone  
  19  1:38  Overlord  
  19  1:42  Metabolic Boost  
  19  1:44  Queen  
  21  1:49  Zergling x2  
  21  1:54  Baneling Nest  
  21  2:00  Zergling x2  
  22  2:05  Extractor  
  21  2:10  Drone  
  22  2:20  Pneumatized Carapace  
  22  2:21  Zergling x2  
  23  2:32  Zergling x2  
  24  2:41  Baneling x2  
  24  2:43  Zergling x2  
  26  2:51  Zergling x2  
  26  2:52  Zergling x2  
  27  3:02  Zergling x2  
  27  3:03  Baneling  
  27  3:04  Baneling  
  27  3:05  Hatchery  
  27  3:07  Zergling x2  
  28  3:17  Baneling  
  28  3:19  Zergling x2  
  29  3:27  Baneling  
  29  3:29  Zergling x6  
  32  3:40  Spine Crawler  
  31  3:46  Spine Crawler  
  31  3:48  Baneling x2  
  28  4:12  Zergling x2  
  28  4:13  Zergling x6  
  22  4:44  Drone x3, Roach Warren  
  24  4:59  Drone x3  
  27  5:04  Zergling x2  
  28  5:20  Zergling x2  
  26  5:38  Drone x3  
  29  5:48  Roach  
  19  6:06  Roach  
  20  6:24  Queen  
  22  6:26  Drone  
  22  6:27  Drone x2  
  25  6:36  Roach  
  25  6:37  Roach x2  
  31  6:48  Roach  
  31  7:03  Zergling x2  
  11  7:16  Roach  
  7  7:31  Drone  
  7  7:32  Drone x2  
Show
View Real Time Build Order
Export as new Build Order

SticklerMac Zerg 

Build Orders: Pool First 

Get SALT Encoding   

  12  0:02  Drone  
  13  0:07  Drone  
  14  0:27  Spawning Pool  
  13  0:31  Extractor  
  13  0:32  Drone  
  13  0:36  Drone  
  14  0:45  Overlord  
  14  1:04  Drone x3  
  17  1:15  Queen  
  17  1:17  Drone  
  20  1:27  Overlord  
  20  1:33  Metabolic Boost  
  20  1:58  Hatchery  
  19  2:01  Drone  
  19  2:02  Drone  
  21  2:10  Baneling Nest  
  21  2:14  Drone  
  21  2:27  Drone x3  
  24  2:31  Overlord  
  24  2:43  Lair  
  24  2:49  Overlord  
  24  2:53  Zergling x2  
  24  2:54  Zergling x2  
  26  2:59  Drone  
  26  3:03  Drone  
  28  3:10  Queen  
  30  3:13  Drone  
  31  3:23  Zergling x4  
  33  3:29  Zergling x6  
  36  3:41  Zergling x4  
  36  3:45  Zergling x2  
  39  3:52  Zergling x2  
  39  3:55  Zergling x2  
  41  3:58  Zergling x2  
  41  3:59  Zergling x2  
  43  4:04  Zergling x2  
  43  4:08  Zergling x2  
  41  4:14  Baneling  
  35  4:18  Zergling x4  
  35  4:19  Zergling x4  
  35  4:23  Zergling x2  
  31  4:34  Zergling x2  
  31  4:35  Zergling x6  
  32  4:40  Zergling x2  
  33  4:46  Queen  
  33  4:48  Zergling x2  
  36  4:57  Zergling x4  
  38  5:03  Zergling x2  
  38  5:04  Zergling x4  
  40  5:07  Zergling x2  
  40  5:12  Zergling x2  
  42  5:18  Zergling x2  
  43  5:22  Baneling x2  
  43  5:23  Baneling x2  
  43  5:24  Zergling x2, Baneling x2  
  42  5:29  Zergling x2  
  38  5:43  Overlord x2  
  38  5:44  Overlord  
  33  5:55  Zergling x2  
  15  6:11  Zergling x2  
  15  6:12  Zergling x4  
  13  6:27  Baneling x2  
  13  6:30  Drone  
  13  6:32  Queen  
  16  6:33  Drone  
  8  7:16  Zergling x4  
Tags
 
Add a new tag
Caveats
  • Supply blocks, unpowered buildings, or Contaminate may cause inaccurate times.
  • Supply counts are checked every 10 seconds.